AoeStats
← EMPEROR98265292

Black Forest

510071398Analyzed
4v4 RM · 3d ago on Sep 29, 2026· 63m 24s· 8 players
Game mode
Random Map
Map size
Large (8 player)
Population
200
Speed
Normal
Resources
Standard
Victory
Conquest
Starting age
Dark Age
Ending age
Imperial Age
RankedLock teamsTeams togetherTeam positionsShared explorationLock speedFull tech treeHidden civsTurbo modeCheats
Victory
Defeat
🇨🇴 Britons · Colombia
1552
+13
🇨🇦 Mongols · Canada
1548
+13
🇫🇮 Maya · Finland
1526
+14
🇩🇪 Persians · Germany
1493
+17
🇮🇳 Danes · India
1602
-18
🇵🇪 Persians · Peru
1546
-16
🇮🇳 Varangians · India
1527
-16
🇮🇳 Japanese · India
1291
-7
daumasson
11:23 Feudal Age
12:37 Double-Bit Axe
15:01 Castle Age
13:28 Horse Collar
16:47 Bow Saw
18:33 Loom
20:27 Wheelbarrow
23:52 Heavy Plow
24:48 Hand Cart
24:18 Town Watch
25:11 Gold Mining
29:20 Imperial Age
28:22 Bloodlines
28:13 Husbandry
28:14 Scale Mail Armor
28:20 Scale Barding Armor
28:25 Forging
28:52 Caravan
29:06 Cavalier
30:07 Chain Barding Armor
29:53 Stone Mining
30:08 Heavy Camel Rider
31:24 Iron Casting
30:58 Savar
32:29 Plate Barding Armor
33:40 Blast Furnace
35:39 Heavy Camel Rider
60:22 Conscription
Mizii
0:26 Loom
13:14 Feudal Age
14:00 Man-at-Arms
15:51 Double-Bit Axe
16:20 Horse Collar
17:31 Fletching
25:16 Castle Age
23:15 Stone Mining
23:15 Gold Mining
26:16 Bodkin Arrow
25:41 Crossbowman
26:53 Padded Archer Armor
27:35 Thumb Ring
28:39 Bow Saw
31:24 Ballistics
34:14 Imperial Age
32:32 Leather Archer Armor
33:48 Wheelbarrow
34:54 Hand Cart
35:06 Arbalester
37:17 Bracer
38:26 Block Printing
40:56 Chemistry
43:00 Sanctity
43:08 Heresy
43:34 Theocracy
44:14 Ring Archer Armor
44:07 Fervor
44:05 Devotion
44:07 Atonement
50:20 Stone Shaft Mining
49:32 Town Watch
51:07 Caravan
52:50 Masonry
52:51 Fortified Wall
57:54 Architecture
57:55 Pikeman
58:35 Squires
57:56 Eagle Warrior
58:21 Arson
58:37 Scale Mail Armor
58:48 Forging
60:26 Chain Mail Armor
60:47 Iron Casting
59:35 Halberdier
61:50 Plate Mail Armor
60:42 Elite Eagle Warrior
63:49 Blast Furnace
jmolinao
0:48 Loom
10:58 Feudal Age
18:10 Castle Age
16:28 Fletching
17:49 Double-Bit Axe
22:30 Crossbowman
23:14 Horse Collar
25:50 Bodkin Arrow
30:16 Wheelbarrow
33:35 Imperial Age
34:03 Ballistics
34:21 Bracer
33:53 Arbalester
36:46 Chemistry
35:46 Capped Ram
36:44 Onager
38:31 Fortified Wall
39:53 Conscription
39:39 Padded Archer Armor
39:59 Hand Cart
43:09 Warwolf
45:38 Siege Engineers
47:19 Yeomen
48:52 Leather Archer Armor
51:00 Caravan
55:46 Scale Mail Armor
55:57 Forging
55:56 Pikeman
56:36 Squires
56:22 Arson
56:53 Chain Mail Armor
56:52 Halberdier
58:11 Bow Saw
58:49 Plate Mail Armor
58:55 Iron Casting
60:10 Elite Skirmisher
63:26 Blast Furnace
championqc82
4:45 Loom
11:07 Feudal Age
13:54 Forging
16:34 Wheelbarrow
16:45 Double-Bit Axe
17:40 Scale Barding Armor
18:23 Bloodlines
24:14 Castle Age
22:58 Gold Mining
22:49 Horse Collar
24:20 Light Cavalry
26:01 Iron Casting
25:27 Husbandry
26:23 Bow Saw
26:14 Heavy Plow
28:18 Gold Shaft Mining
31:29 Caravan
33:18 Hand Cart
32:56 Stone Mining
33:57 Coinage
34:03 Coinage
35:03 Stone Shaft Mining
37:38 Imperial Age
35:02 Fletching
35:12 Padded Archer Armor
35:58 Bodkin Arrow
36:26 Ballistics
37:44 Elite Mangudai
38:51 Conscription
39:09 Bracer
39:10 Padded Archer Armor
40:13 Chemistry
40:20 Siege Engineers
40:19 Capped Ram
41:45 Thumb Ring
42:08 Parthian Tactics
41:59 Leather Archer Armor
42:32 Banking
42:02 Hussar
43:07 Chain Barding Armor
44:00 Onager
46:15 Siege Ram
47:06 Murder Holes
47:21 Masonry
50:02 Drill
50:44 Fortified Wall
57:12 Blast Furnace
23
10:03 Feudal Age
10:44 Double-Bit Axe
11:03 Loom
11:24 Man-at-Arms
15:23 Fletching
20:10 Castle Age
19:06 Gold Mining
19:15 Stone Mining
22:21 Gold Mining
26:41 Wheelbarrow
29:54 Imperial Age
28:51 Hand Cart
30:12 Bow Saw
29:43 Horse Collar
31:19 Bodkin Arrow
32:02 Bracer
32:29 Siege Engineers
33:32 Caravan
34:02 Fortified Wall
35:09 Conscription
35:20 Kataparuto
36:44 Ballistics
36:36 Scale Mail Armor
36:46 Forging
36:37 Squires
35:58 Pikeman
36:44 Yasama
36:44 Guard Tower
37:50 Conscription
38:33 Keep
38:34 Chain Mail Armor
39:56 Arrowslits
41:23 Halberdier
42:36 Plate Mail Armor
44:25 Padded Archer Armor
45:00 Iron Casting
44:49 Masonry
44:52 Town Watch
46:01 Heavy Plow
47:03 Two-Man Saw
45:29 Elite Skirmisher
47:27 Leather Archer Armor
48:38 Ring Archer Armor
51:57 Blast Furnace
EMPEROR98265292
8:46 Loom
12:30 Feudal Age
16:15 Castle Age
14:36 Double-Bit Axe
26:24 Scale Barding Armor
27:54 Wheelbarrow
28:36 Horse Collar
29:46 Forging
31:16 Chain Barding Armor
31:53 Iron Casting
33:20 Bloodlines
33:10 Husbandry
33:36 Gold Mining
37:40 Imperial Age
37:41 Elite Jarl
38:59 Plate Barding Armor
39:25 Blast Furnace
42:02 Caravan
49:37 Light Cavalry
49:37 Cavalier
50:57 Hussar
53:58 Devotion
55:55 Heavy Plow
56:32 Fletching
59:37 Conscription
59:00 Vendel Legacy
KLIKELIN
10:15 Feudal Age
14:27 Castle Age
13:10 Horse Collar
13:17 Double-Bit Axe
15:13 Bow Saw
17:25 Loom
27:02 Forging
28:12 Wheelbarrow
27:45 Husbandry
32:09 Imperial Age
30:03 Gold Mining
30:03 Stone Mining
30:55 Heavy Plow
31:47 Iron Casting
31:19 Scale Barding Armor
32:21 Hand Cart
31:52 Town Watch
32:59 Conscription
32:30 Elite War Elephant
34:37 Blast Furnace
33:58 Chain Barding Armor
34:17 Gold Shaft Mining
34:17 Stone Shaft Mining
37:24 Plate Barding Armor
37:43 Devotion
46:57 Caravan
50:26 Bloodlines
49:37 Light Cavalry
54:31 Hussar
59:31 Crop Rotation
59:56 Cavalier
62:02 Two-Man Saw
61:50 Savar
ntn88
0:48 Loom
14:46 Feudal Age
17:55 Double-Bit Axe
17:51 Horse Collar
31:50 Wheelbarrow
35:26 Castle Age
36:22 Caravan
36:43 Bow Saw
39:04 Hand Cart
39:14 Gold Mining
43:34 Heavy Plow
46:49 Gold Shaft Mining
50:28 Imperial Age
49:17 Scale Mail Armor
50:32 Onager
51:34 Ballistics
52:14 Chemistry
52:28 Conscription
51:37 Northmen's Fury
52:47 Siege Onager
57:20 Fletching
57:42 Masonry
61:06 Capped Ram
Connection lost

Rejoining the realm…

Still unreachable

The connection could not be restored.

Session expired

The server has moved on; the page needs a fresh start.